 Dungeon Crawl Stone Soup version 0.17-a0-1210-g1e4f09d (console) character file.

283868 hyperkellhus the Tortoise (level 20, -16/183 HPs)
             Began as a Naga Hunter on June 2, 2015.
             Was a High Priest of Okawaru.
             Killed from afar by a Hell Sentinel (38 damage)
             ... with a blast of hellfire
             ... on level 1 of the Abyss on June 3, 2015.
             The game lasted 02:19:26 (55589 turns).

hyperkellhus the Tortoise (Naga Hunter)            Turns: 55589, Time: 02:19:26

Health: -16/183    AC: 59    Str: 22 (23) XL:     20   Next: 97%
Magic:  20/26      EV:  5    Int: 11      God:    Okawaru [*****.]
Gold:   1678       SH: 15    Dex: 14      Spells: 0 memorised, 19 levels left

rFire  + . .     SeeInvis +     a - +7 Screaming Sword
rCold  + . .     Clarity  .     x - +3 crystal plate armour
rNeg   . . .     SustAt   .     X - +1 shield {rF+}
rPois  +         Gourm    .     d - +2 hat {SInv}
rElec  .         Spirit   .     y - +2 cloak
rCorr  .         Warding  .     G - +1 pair of gloves {Dex+3}
rMut   +         Stasis   .     C - +4 naga barding {rC+}
MR     +++..                    g - amulet of resist mutation
Stlth  ..........               Q - +5 ring of protection
                                Y - ring of protection from magic

@: heroism, finesse, very slightly contaminated, hasted, quick, extremely
resistant to hostile enchantments, extremely unstealthy
A: see invisible, deformed body, deterioration 1, dopey 1, frail 1, poison
resistance, slowness 2, slow metabolism 1, spit poison 2, MP-powered wands,
constrict 1, AC +6
a: Spit Poison, Heroism, Finesse, Renounce Religion
}: 1/15 runes: gossamer


You were on level 1 of the Abyss.
You worshipped Okawaru.
Okawaru was extremely pleased with you.
You were full.

You visited 6 branches of the dungeon, and saw 35 of its levels.
You visited the Abyss 1 time.
You also visited: Labyrinth and Ice Cave.

You collected 4185 gold pieces.
You spent 2507 gold pieces at shops.

Inventory:

Hand weapons
 a - the +7 Screaming Sword (weapon)
   (You found it on level 8 of the Lair of Beasts)
 b - a +0 blowgun
 J - a +2 antimagic demon blade
 T - a +3 double sword of flaming
Missiles
 B - 69 poisoned needles
 P - 4 throwing nets (quivered)
 S - 10 curare-tipped needles
Armour
 d - a +2 hat of see invisible (worn)
 x - a +3 crystal plate armour (worn)
 y - a +2 cloak (worn)
 C - a +4 naga barding of cold resistance (worn)
 G - a +1 pair of gloves of dexterity (worn)
 X - a +1 shield of fire resistance (worn)
Jewellery
 g - an amulet of resist mutation (around neck)
 l - the ring "Vyor" {rElec rPois Str+3 Dex-5}
   (You found it on level 9 of the Dungeon)

   [ring of strength]

   It affects your strength (+3).
   It affects your dexterity (-5).
   It insulates you from electricity.
   It protects you from poison.
 t - the amulet "Biqodoll" {Gourm Str+2}
   (You found it on level 8 of the Lair of Beasts)

   [amulet of the gourmand]

   It allows you to eat raw meat even when not hungry.
   It affects your strength (+2).
 u - a +3 ring of protection
 O - an uncursed ring of protection from fire
 Q - a +5 ring of protection (right hand)
 Y - a ring of protection from magic (left hand)
Magical devices
 c - a wand of teleportation (3)
 j - a wand of disintegration (3)
 v - a wand of hasting (2)
 N - a wand of digging (18)
Scrolls
 i - 7 scrolls of identify
 m - 7 scrolls of recharging
 n - 2 scrolls of teleportation
 r - 2 scrolls of summoning
 s - a scroll of silence
 H - 3 scrolls of remove curse
 M - 7 scrolls of magic mapping
 R - 4 scrolls of fear
 U - 2 scrolls of enchant weapon
 W - a scroll of amnesia
 Z - 2 scrolls of blinking
Potions
 f - 2 potions of berserk rage
 k - 8 potions of agility
 o - a potion of cancellation
 p - 3 potions of resistance
 q - 7 potions of brilliance
 z - 2 potions of flight
 A - 2 potions of cure mutation
 E - 3 potions of haste
 I - 9 potions of curing
 L - 4 potions of might
Books
 F - a Necronomicon {highlevel, unknown}

   This book is beyond your current level of understanding.

   Spells                             Type                      Level
   a - Haunt                          Necromancy/Summoning         7
   b - Borgnjor's Revivification      Necromancy                   8
   c - Death's Door                   Charms/Necromancy            8
   d - Necromutation                  Transmutation/Necromancy     8
Comestibles
 e - 21 bread rations
 h - 9 meat rations
 K - 14 beef jerkies
 V - 15 fruits


   Skills:
 - Level 18.0(23.0) Fighting
 - Level 16.0(21.0) Long Blades
   Level 0.8(5.8) Maces & Flails
 - Level 3.6(8.6) Throwing
 + Level 19.8(24.8) Armour
 - Level 1.5(6.5) Dodging
 - Level 1.5(6.5) Stealth
 - Level 9.0(14.0) Shields
 - Level 8.0 Invocations


You had 19 spell levels left.
You didn't know any spells.

Dungeon Overview and Level Annotations

Branches:
Dungeon (15/15)            Temple (0/1) D:5            Lair (8/8) D:11
 Shoals (0/4) Lair:6       Spider (4/4) Lair:4        Slime (0/6) Lair:6
    Orc (4/4) D:12            Elf (2/3) Orc:3        Vaults (2/5) D:14
  Crypt (0/3) Vaults:2     Depths (0/5) D:15

Altars:
Ashenzari
Elyvilon
Gozag
Makhleb
Nemelex Xobeh
Okawaru
Qazlal
Ru
Xom
Yredelemnul
Zin
The Shining One
Beogh
Jiyva

Shops:
D:8 %   D:11 =   Orc:1 [   Orc:3 (   Orc:4 [(==   Elf:2 ?   Vaults:1 !


Innate Abilities, Weirdness & Mutations

You cannot wear boots.
Your serpentine skin is tough (AC +6).
You have supernaturally acute eyesight.
Armour fits poorly on your strangely shaped body.
Your system is resistant to poisons.
You cover ground very slowly.
You have a slow metabolism.
You can spit poison.
You can use your snake-like lower body to constrict enemies.
[Your body sometimes deteriorates upon taking damage.]
[You are dopey. (Int -2)]
[You are frail (-10% HP).]
[You expend magic power (3 MP) to strengthen your wands.]


Message History

The Hell Sentinel is severely wounded.
The Hell Sentinel hits you but does no damage. x2
A white imp comes into view.
You slice the Hell Sentinel!!
The Hell Sentinel is severely wounded.
You hit the Hell Sentinel.
The Hell Sentinel is almost dead.
You hit the Hell Sentinel but do no damage.
The Hell Sentinel is almost dead.
The Hell Sentinel hits you but does no damage.
The Hell Sentinel hits you!
* * * LOW HITPOINT WARNING * * *
You slash the Hell Sentinel!
The Hell Sentinel is almost dead.
A hellwing comes into view.
You hit the Hell Sentinel.
The Hell Sentinel is almost dead.
The Hell Sentinel gestures at you.
The hellfire explodes!
The blast of hellfire engulfs you!
You die...

#.## .# #...#.#
#. #.# ..#...##
# #. # #..##..
# . ..#.....##
##
#.#..#......#
#≈≈≈. .
4#..##..#
≈.#≈≈####.....#
#..≈#.≈.....#.#
#≈≈##≈#@#. #
#..≈.≈5≈1≈..# #
##≈♣#≈≈≈### .
#(.≈#.#. #
###.≈# . ..# .#
#.#. .. ..# #.


You could see a Hell Sentinel, a hellwing and a white imp.

Vanquished Creatures
  A bone dragon (Abyss:1)
  Jorgrun (Spider:2)
  A Brimstone Fiend (Vaults:2)
  Agnes (Spider:2)
  2 tentacled starspawn (Abyss:1)
  A storm dragon (D:12)
  2 deep elf sorcerers
  Donald (Orc:4)
  Maud (D:13)
  6 vault wardens
  6 ghost moths
  An orc warlord (Orc:4)
  A cacodemon (Abyss:1)
  6 emperor scorpions
  10 ironheart preservers
  A stone giant (Vaults:2)
  Snorg (Orc:2)
  A deep elf death mage (Vaults:2)
  10 vault guards
  A minotaur (Lab)
  Josephine (D:13)
  4 yaktaur captains (Vaults:2)
  3 entropy weavers
  3 fire dragons
  Fannar (D:10)
  3 great orbs of eyes
  8 centaur warriors
  11 hydras
  Erolcha (D:9)
  7 ogre magi
  2 death knights (Vaults:2)
  19 dancing weapons
  A salamander stormcaller (D:14)
  4 tengu warriors
  2 vampire magi
  7 orc high priests
  10 death yaks
  Urug (D:13)
  A soul eater (Orc:4)
  A deep troll earth mage (Vaults:2)
  Sonja (D:14)
  3 wretched stars (Abyss:1)
  14 skeletal warriors
  4 deep trolls (Vaults:2)
  A shadow wraith (Abyss:1)
  2 death drakes (shapeshifter)
  15 deep elf knights
  9 deep elf summoners
  5 ironbrand convokers
  3 ice statues
  4 unseen horrors
  21 deep elf conjurers
  5 hill giants
  6 griffons
  5 harpies (Vaults:2)
  A wolf spider zombie (Abyss:1)
  15 ugly things
  4 necromancers
  A lindwurm (Lair:8)
  A flayed ghost (Vaults:2)
  6 cyclopes
  10 orc sorcerers
  8 orc knights
  3 hornets
  13 orb spiders
  A wizard (Vaults:1)
  2 tengu skeletons
  11 slime creatures
  37 wolf spiders
  4 sixfirhies
  2 moths of wrath (Spider:4)
  A worldbinder (Abyss:1)
  The ghost of 4thArraOfDagon the Ruffian, an experienced TrHu of Cheibriados (D:8)
  A guardian serpent (Abyss:1)
  The ghost of kal9871 the Destroyer, an experienced HEWz of Sif Muna (D:9)
  6 centaur zombies
  4 vault sentinels (Vaults:2)
  5 black mambas
  3 torpor snails
  22 spiny frogs
  A guardian serpent (shapeshifter) (D:15)
  7 centaur skeletons
  4 gargoyles
  2 naga magi (Abyss:1)
  2 orange demons (Abyss:1)
  A spiny frog (shapeshifter) (Elf:1)
  13 komodo dragons
  3 smoke demons (Abyss:1)
  2 efreet
  3 kobold demonologists
  3 hellwings (Abyss:1)
  14 yaktaurs
  12 demonic crawlers
  A yaktaur (shapeshifter) (Vaults:1)
  7 fire drakes
  13 deep elf priests
  2 ancient zymes (Abyss:1)
  26 two-headed ogres
  6 wandering mushrooms
  An entropy weaver zombie (D:15)
  A troll (shapeshifter) (D:12)
  23 jumping spiders
  4 blue devils (IceCv)
  2 polar bears
  2 tengu conjurers (D:15)
  9 trolls
  3 giant leeches (Lair:8)
  4 raiju (Abyss:1)
  Prince Ribbit (Lair:3)
  A large abomination (Abyss:1)
  38 blink frogs
  2 deep troll zombies
  3 boulder beetles
  An ettin zombie (D:15)
  11 ravens
  A spriggan (Lair:3)
  A blink frog (shapeshifter) (D:13)
  16 tarantellas
  5 shadows
  12 wyverns
  A trapdoor spider (shapeshifter) (Elf:2)
  38 redbacks
  17 trapdoor spiders
  3 fire bats (Abyss:1)
  A spriggan (shapeshifter) (D:12)
  18 hippogriffs
  3 ynoxinuls (Abyss:1)
  9 wraiths
  20 deep elf magi
  A human (shapeshifter) (Vaults:2)
  8 basilisks
  A chaos spawn (Abyss:1)
  A human simulacrum (Vaults:2)
  2 steam dragons
  8 hungry ghosts
  10 vampire mosquitoes
  44 yaks
  21 deep elf fighters
  3 neqoxecs
  29 wolves
  9 wargs
  2 mottled dragons
  21 water moccasins
  3 nagas (Abyss:1)
  6 sky beasts
  A wasp (D:14)
  8 porcupines
  8 small abominations (Abyss:1)
  3 black bears
  An eye of draining (shapeshifter) (Elf:2)
  41 ogres
  23 spiders
  58 orc warriors
  21 centaurs
  2 phantoms
  10 ice beasts
  6 big kobolds
  17 crocodiles
  Blork the orc (D:6)
  35 giant frogs
  A human zombie (Vaults:2)
  A gnoll sergeant (D:7)
  3 scorpions
  A deep troll simulacrum (Vaults:2)
  A wyvern skeleton (D:10)
  A scorpion (shapeshifter) (Elf:1)
  14 killer bees
  A boulder beetle zombie (Vaults:2)
  A troll zombie (Abyss:1)
  11 wights
  A lava snake (D:7)
  11 electric eels
  7 crimson imps
  2 quasits
  4 jellies
  2 draconian simulacra (IceCv)
  3 giant frog zombies
  11 hounds
  3 iron imps
  A giant frog skeleton (D:13)
  37 orc priests
  Ijyb (D:3)
  46 orc wizards
  Jessica (D:3)
  13 iguanas
  13 worker ants
  A spriggan simulacrum (IceCv)
  A killer bee zombie (D:7)
  3 troll simulacra (IceCv)
  18 sheep
  2 centaur simulacra
  A hound zombie (D:8)
  A hound skeleton (D:4)
  7 gnolls
  27 river rats
  A naga simulacrum (IceCv)
  2 ogre simulacra (IceCv)
  10 adders
  14 white imps
  7 shadow imps
  3 ufetubi
  5 oozes
  4 worms
  6 giant geckos
  306 orcs
  6 bats
  4 giant cockroaches
  23 goblins
  19 hobgoblins
  43 kobolds
  5 quokkas
  3 giant newts
  7 jackals
  A quokka skeleton (D:7)
  31 rats
  A spectral orc (D:4)
  2 crawling corpses (Vaults:2)
  3 fungi
  8 plants
  4 starspawn tentacles (Abyss:1)
1953 creatures vanquished.

Vanquished Creatures (others)
  An emperor scorpion (Spider:3)
  A deep elf knight (Elf:1)
  A ball lightning (Lair:8)
  A yaktaur (Vaults:2)
  A vampire mosquito (D:15)
  A water moccasin (Lair:8)
  An orc wizard (Orc:4)
  24 fungi
  A lost soul (Vaults:2)
  10 plants (Lair:8)
  3 starspawn tentacles (Abyss:1)
  182 starspawn tentacle segments (Abyss:1)
227 creatures vanquished.

Grand Total: 2180 creatures vanquished

Notes
Turn   | Place    | Note
--------------------------------------------------------------
     0 | D:1      | hyperkellhus the Naga Hunter began the quest for the Orb.
     0 | D:1      | Reached XP level 1. HP: 19/19 MP: 1/1
   666 | D:1      | Reached XP level 2. HP: 16/27 MP: 2/2
  1285 | D:2      | Reached XP level 3. HP: 31/34 MP: 3/3
  1680 | D:2      | Found an iron altar of Okawaru.
  1693 | D:2      | Became a worshipper of Warmaster Okawaru
  2262 | D:2      | Reached skill level 4 in Fighting
  2642 | D:3      | Reached XP level 4. HP: 44/44 MP: 4/4
  2837 | D:3      | Noticed Ijyb
  2856 | D:3      | Killed Ijyb
  2856 | D:3      | Reached skill level 5 in Fighting
  2856 | D:3      | Reached XP level 5. HP: 39/52 MP: 5/5
  3004 | D:3      | Noticed Jessica
  3006 | D:3      | Killed Jessica
  3222 | D:3      | Found a sacrificial altar of Ru.
  3557 | D:4      | Found a viscous altar of Jiyva.
  3576 | D:4      | Reached skill level 1 in Long Blades
  3594 | D:4      | Acquired Okawaru's first power
  3594 | D:4      | Reached XP level 6. HP: 61/61 MP: 6/6
  3751 | D:4      | Found a basalt altar of Yredelemnul.
  4184 | D:4      | Noticed an ogre
  4193 | D:4      | Killed an ogre
  4193 | D:4      | Reached XP level 7. HP: 27/67 MP: 7/7
  4325 | D:4      | Found a white marble altar of Elyvilon.
  4569 | D:5      | Entered Level 5 of the Dungeon
  4572 | D:5      | Found a shimmering altar of Xom.
  4699 | D:5      | Found a staircase to the Ecumenical Temple.
  4962 | D:5      | Reached skill level 5 in Long Blades
  5516 | D:4      | Found a glowing silver altar of Zin.
  5697 | D:6      | Found a stormy altar of Qazlal.
  5887 | D:6      | Noticed a steam dragon
  5900 | D:6      | Killed a steam dragon
  5900 | D:6      | Reached skill level 6 in Long Blades
  6240 | D:6      | Found a burning altar of Makhleb.
  6241 | D:6      | Found a shattered altar of Ashenzari.
  6308 | D:6      | Reached XP level 8. HP: 72/75 MP: 8/8
  6513 | D:6      | Noticed Blork the orc
  6542 | D:6      | Killed Blork the orc
  6542 | D:6      | Reached skill level 7 in Long Blades
  6835 | D:6      | Found an opulent altar of Gozag.
  7161 | D:6      | Reached skill level 8 in Long Blades
  7534 | D:7      | Reached skill level 9 in Long Blades
  7717 | D:7      | Noticed an ice statue
  7866 | D:7      | Reached XP level 9. HP: 37/81 MP: 9/9
  7925 | D:7      | Reached skill level 10 in Long Blades
  8208 | D:8      | Found a glowing golden altar of the Shining One.
  8570 | D:8      | Noticed 4thArraOfDagon's ghost (experienced TrHu)
  8876 | D:7      | Reached skill level 11 in Long Blades
  9622 | D:8      | Found Gaaseof's Food Boutique.
  9623 | D:8      | Found a shimmering altar of Xom.
  9808 | D:8      | Killed 4thArraOfDagon's ghost
  9808 | D:8      | Reached skill level 12 in Long Blades
  9865 | D:7      | Reached XP level 10. HP: 79/88 MP: 10/10
 10055 | D:8      | Found a shimmering altar of Xom.
 10055 | D:8      | Found a shimmering altar of Xom.
 10055 | D:8      | Noticed a deep troll
 10056 | D:8      | Found a shimmering altar of Xom.
 10056 | D:8      | Noticed a mana viper
 10192 | D:8      | Noticed a shock serpent
 10193 | D:8      | Noticed a shining eye
 10195 | D:8      | a shock serpent changed into a boulder beetle
 10624 | D:8      | Acquired Okawaru's second power
 10748 | D:9      | Reached skill level 13 in Long Blades
 11086 | D:9      | Got a polished greatsling
 11170 | D:9      | Noticed kal9871's ghost (experienced HEWz)
 11253 | D:9      | Got a brightly glowing gossamer ring
 11254 | D:9      | Identified the ring "Vyor" {rElec rPois Str+3 Dex-5} (You found it on level 9 of the Dungeon)
 11949 | D:9      | Noticed Erolcha
 11968 | D:9      | Killed Erolcha
 11968 | D:9      | Received a gift from Okawaru
 11968 | D:9      | Reached skill level 14 in Long Blades
 12205 | D:9      | Noticed a hill giant
 12304 | D:9      | Killed a hill giant
 12304 | D:9      | Reached XP level 11. HP: 100/100 MP: 11/11
 13192 | D:9      | Received a gift from Okawaru
 13253 | D:9      | Killed kal9871's ghost
 13389 | D:10     | Entered Level 10 of the Dungeon
 13712 | D:10     | Found a glowing silver altar of Zin.
 13928 | D:10     | Found a sparkling altar of Nemelex Xobeh.
 13957 | D:10     | Noticed Fannar
 13989 | D:10     | Killed Fannar
 14505 | D:10     | Received a gift from Okawaru
 14581 | D:10     | Noticed a hill giant
 14588 | D:10     | Killed a hill giant
 14588 | D:10     | Reached skill level 10 in Fighting
 15051 | D:11     | Reached skill level 1 in Armour
 15104 | D:11     | Found a staircase to the Lair.
 15153 | D:11     | Noticed a hill giant
 15159 | D:11     | Killed a hill giant
 15219 | D:11     | Noticed an unseen horror
 15224 | D:11     | Killed an unseen horror
 15275 | D:11     | Found Piucs's Jewellery Shoppe.
 15475 | D:11     | Reached skill level 5 in Armour
 15639 | D:11     | Noticed Sonja
 15657 | D:11     | Reached XP level 12. HP: 88/116 MP: 12/12
 16416 | Lair:1   | Entered Level 1 of the Lair of Beasts
 16462 | Lair:1   | Found a frozen archway.
 16502 | IceCv    | Entered an ice cave
 16876 | IceCv    | Got a jewelled great sword
 16925 | IceCv    | Received a gift from Okawaru
 17390 | Lair:1   | Identified the cursed +1 great sword of Instant Death {venom, Dex+4} (You found it in an ice cave)
 17459 | Lair:1   | Noticed a death yak
 17460 | Lair:1   | Noticed a death yak
 17461 | Lair:1   | Noticed a death yak
 17468 | Lair:1   | Noticed a death yak
 17472 | Lair:1   | Killed a death yak
 17472 | Lair:1   | Received a gift from Okawaru
 17479 | Lair:1   | Killed a death yak
 17492 | Lair:1   | Killed a death yak
 17503 | Lair:1   | Got a crude hunting sling {god gift}
 17524 | Lair:1   | Killed a death yak
 17524 | Lair:1   | Reached skill level 1 in Invocations
 17574 | Lair:1   | Identified a scroll of acquirement
 18003 | Lair:1   | Received a gift from Okawaru
 18348 | Lair:1   | Gained mutation: You can use your snake-like lower body to constrict enemies. [Naga growth]
 18348 | Lair:1   | Reached XP level 13. HP: 111/123 MP: 16/16
 18568 | Lair:2   | Found a labyrinth entrance.
 18581 | Lab      | Entered a labyrinth
 18610 | Lab      | Reached skill level 5 in Invocations
 19333 | Lab      | Noticed a minotaur
 19345 | Lab      | Killed a minotaur
 19449 | Lair:2   | Reached skill level 10 in Armour
 21457 | D:12     | Reached skill level 15 in Long Blades
 21557 | D:12     | Found a staircase to the Orcish Mines.
 21620 | D:12     | Received a gift from Okawaru
 21688 | D:12     | Found a runed door.
 21740 | D:12     | Received a gift from Okawaru
 22258 | D:13     | Noticed Urug
 22268 | D:13     | Killed Urug
 22268 | D:13     | Reached skill level 16 in Long Blades
 22533 | D:13     | Reached XP level 14. HP: 106/132 MP: 19/19
 22710 | D:13     | Noticed Josephine
 22717 | D:13     | Killed Josephine
 22805 | D:13     | Noticed Maud
 22828 | D:13     | Killed Maud
 24409 | Lair:3   | Noticed Prince Ribbit
 24422 | Lair:3   | Received a gift from Okawaru
 24430 | Lair:3   | Killed Prince Ribbit
 25409 | Lair:4   | Got a shimmering long sword
 25496 | Lair:4   | Found a hole to the Spider Nest.
 25566 | Lair:4   | Received a gift from Okawaru
 26032 | Lair:4   | Reached XP level 15. HP: 100/138 MP: 20/20
 26935 | Lair:5   | Received a gift from Okawaru
 27375 | Lair:6   | Found a staircase to the Shoals.
 27855 | Lair:6   | Found a staircase to the Slime Pits.
 29596 | Lair:8   | Entered Level 8 of the Lair of Beasts
 29712 | Lair:8   | Received a gift from Okawaru
 31323 | Lair:8   | Got a scintillating lead amulet
 31331 | Lair:8   | Got a steaming hand crossbow
 32084 | Lair:8   | Identified the amulet "Biqodoll" {Gourm Str+2} (You found it on level 8 of the Lair of Beasts)
 32530 | D:12     | Reached XP level 16. HP: 156/156 MP: 22/22
 32580 | D:12     | Noticed a storm dragon
 32600 | D:12     | Killed a storm dragon
 32789 | D:12     | Reached skill level 1 in Shields
 32967 | D:12     | Received a gift from Okawaru
 33681 | D:14     | Got an encrusted trident
 33820 | D:14     | Found a gate to the Vaults.
 33843 | D:14     | Reached skill level 5 in Shields
 33902 | D:14     | Killed Sonja
 34305 | D:14     | Received a gift from Okawaru
 34570 | D:15     | Entered Level 15 of the Dungeon
 35020 | D:15     | Found a staircase to the Depths.
 35272 | D:15     | Received a gift from Okawaru
 35864 | D:15     | Reached XP level 17. HP: 163/163 MP: 23/23
 36057 | Orc:1    | Entered Level 1 of the Orcish Mines
 36161 | Orc:1    | Found Focut's Armour Emporium.
 36640 | Orc:2    | Found a roughly hewn altar of Beogh.
 36648 | Orc:2    | Noticed Snorg
 36657 | Orc:2    | Killed Snorg
 36847 | Orc:3    | Found Jeohul's Antique Weapon Boutique.
 37349 | Orc:3    | Found a staircase to the Elven Halls.
 37560 | Orc:4    | Entered Level 4 of the Orcish Mines
 38146 | Orc:4    | Noticed Donald
 38162 | Orc:4    | Killed Donald
 38162 | Orc:4    | Reached skill level 15 in Armour
 38185 | Orc:4    | Found a roughly hewn altar of Beogh.
 38798 | Orc:4    | Found a roughly hewn altar of Beogh.
 38814 | Orc:4    | Found Wuner's Antique Armour Emporium.
 38990 | Orc:4    | Found Byaged's Weapon Shoppe.
 39221 | Orc:4    | Found Piuqen's Jewellery Emporium.
 39285 | Orc:4    | Received a gift from Okawaru
 39322 | Orc:4    | Found Tauxue's Jewellery Shoppe.
 40049 | Orc:4    | Bought a translucent plate armour for 1092 gold pieces
 40059 | Orc:4    | Identified the +4 plate armour of Upijebre {+Inv} (You bought it in a shop on level 4 of the Orcish Mines)
 40070 | Orc:4    | Bought a shiny helmet for 175 gold pieces
 40157 | Orc:4    | Bought a +5 ring of protection for 770 gold pieces
 40190 | Orc:4    | Bought an uncursed ring of protection from magic for 250 gold pieces
 40265 | Elf:1    | Entered Level 1 of the Elven Halls
 41281 | Elf:1    | Received a gift from Okawaru
 41281 | Elf:1    | Reached skill level 15 in Fighting
 42463 | Elf:2    | Reached XP level 18. HP: 154/178 MP: 19/24
 42533 | Elf:2    | Found Xopsuem's Magic Scroll Boutique.
 42885 | Elf:2    | Found a huge runed gate.
 42885 | Elf:2    | Found a huge runed gate.
 42885 | Elf:2    | Found a huge runed gate.
 42885 | Elf:2    | Found a huge runed gate.
 42890 | Elf:2    | Found a huge runed gate.
 43923 | Elf:2    | Bought a scroll of enchant armour for 150 gold pieces
 43923 | Elf:2    | Bought a scroll of magic mapping for 70 gold pieces
 44296 | Spider:1 | Entered Level 1 of the Spider Nest
 45219 | Spider:2 | Noticed Jorgrun
 45233 | Spider:2 | Killed Jorgrun
 45250 | Spider:2 | Reached skill level 17 in Armour
 45292 | Spider:2 | Upgraded the game from 0.17-a0-1197-g2d00c63 to 0.17-a0-1210-g1e4f09d
 45325 | Spider:2 | Received a gift from Okawaru
 45562 | Spider:2 | Noticed Agnes
 45567 | Spider:2 | Killed Agnes
 46414 | Spider:2 | Received a gift from Okawaru
 47705 | Spider:4 | Entered Level 4 of the Spider Nest
 47728 | Spider:4 | Reached XP level 19. HP: 173/188 MP: 25/25
 49408 | Spider:4 | Reached skill level 18 in Armour
 49947 | Spider:4 | Got a gossamer rune of Zot
 50052 | Spider:4 | Got a smoking rapier
 50585 | D:7      | Killed an ice statue
 50943 | Vaults:1 | Entered Level 1 of the Vaults
 51067 | Vaults:1 | Received a gift from Okawaru
 51088 | Vaults:1 | Got a jewelled scimitar {god gift}
 51299 | Vaults:1 | Found Ynwuts's Distillery.
 52296 | Vaults:1 | Received a gift from Okawaru
 52739 | Vaults:2 | Reached XP level 20. HP: 196/204 MP: 11/26
 53179 | Vaults:2 | Received a gift from Okawaru
 54205 | Vaults:2 | Reached skill level 19 in Armour
 54245 | Vaults:2 | Received a gift from Okawaru
 54474 | Vaults:2 | Found a staircase to the Crypt.
 54542 | Vaults:2 | Received a gift from Okawaru
 54658 | Vaults:2 | Cast into the Abyss (reaper)
 54739 | Abyss:1  | Found a corrupted altar of Lugonu.
 55048 | Abyss:1  | Noticed a bone dragon
 55071 | Abyss:1  | Killed a bone dragon
 55589 | Abyss:1  | Killed from afar by a Hell Sentinel

Vault maps used:
D:1:      minmay_arrival_solitary_statue, serial_forest,
          infiniplex_forest_clump_long, infiniplex_forest_zigzag_1,
          infiniplex_forest_lined_2, infiniplex_forest_clump_curved,
          infiniplex_forest_straight_2, infiniplex_forest_end_1,
          infiniplex_forest_split
D:2:      okawaru_trees_2, minmay_rat_hole
D:3:      nicolae_ru_awakened_eye, uniq_iyjb, uniq_jessica
D:4:      nicolae_overflow_hidden_temple, yredelemnul_forgotten_temple_becter,
          grunt_ministairs_6, jiyva_altar_1
D:5:      temple_doors_d, first_bread, basic_altar
D:6:      wad_woods_settlement, kennysheep_mini, lemuel_crystal_altar,
          lemuel_round_altar, basic_altar, uniq_edmund, uniq_blork_the_orc
D:7:      lemuel_ice_statue, kennysheep_generic_room_16
D:8:      old_standard_altar, xom_shifter_show, serial_shops,
          nicolae_shop_behind_doors
D:9:      minmay_tri_box, serial_bayou, serial_bayou_pond_e,
          serial_bayou_pond_d, serial_bayou_ford_a, serial_bayou_shore_a,
          serial_bayou_shore_b, grunt_ogre_cave, uniq_erolcha
D:10:     basic_altar, nemelex_altar_shiori, uniq_fannar
D:11:     due_lair_maze_entry_diamond, serial_shops, shop, uniq_sonja
D:12:     minmay_isolated_rectangles_in_corner, david_orc_2,
          minmay_misc_feat_tiny, lightli_airlock
D:13:     uniq_maud, uniq_josephine, uniq_urug
D:14:     erik_vaults_2, serial_glass, glass_columns_b, glass_columns_a,
          grunt_ministairs_13, bh_walls_and_bars
D:15:     gammafunk_depths_entry_grave
Lair:1:   portal_ice_cave_entry_imps, enter_volcano_1, grunt_megastairs_2
Lair:2:   lab_entry_generic, lemuel_fruit_fields
Lair:3:   grunt_forest_stairs_clearing, uniq_prince_ribbit2
Lair:4:   spider_nest_entry_webs, roderic_ravens_nest,
          cheibrodos_lair_caveside_slide, fungi_pond_lemuel
Lair:5:   grunt_megastairs_3
Lair:6:   shoals_dummy_entry, dpeg_slime_entry_corner
Lair:7:   wad_woods_river_01
Lair:8:   minmay_lair_end_frog_pond
Spider:2: uniq_jorgrun, uniq_agnes
Spider:4: grunt_spider_rune_circles
Orc:1:    serial_shops, nicolae_shop_behind_doors
Orc:2:    basic_altar, uniq_snorg
Orc:3:    serial_shops, nicolae_shop_overgrown_old_shop, nicolae_orc_pool_cavern
Orc:4:    pubby_orc_utopia, uniq_donald
Elf:1:    hangedman_elven_crosses_minicolossus
Elf:2:    serial_shops, shop_fountains, minivault_4
Vaults:1: ontoclasm_vaults_decontamination, nicolae_vaults_little_squares_5,
          v_misc_25, v_misc_22, ontoclasm_vaults_spin, vaults_dpeg_hooks,
          ontoclasm_vaults_claustrophobia, nicolae_vaults_angled_halls,
          hangedman_vaults_trim, serial_shops, shop
Vaults:2: blue_anna_dwarven_crypt, vaults_room_fours, v_misc_27,
          vaults_mumra_bighexcomb, v_misc_3, hangedman_vaults_nodes,
          vaults_room_pool, ontoclasm_vaults_pinch, hangedman_vaults_capsules,
          v_alt_pattern_5, vaults_room_pools, hangedman_vaults_impose,
          serial_shops, bzr_entry_water
Lab:      nicolae_lab_arrow, labyrinth_fake_exit, lab_statue,
          nicolae_lab_flowing_pool, lab_hedge, labyrinth_skeletal_remains,
          nicolae_lab_quarters, nicolae_lab_blocks
IceCv:    ice_cave_tombish

Action                   |  1- 3 |  4- 6 |  7- 9 | 10-12 | 13-15 | 16-18 | 19-21 || total
-------------------------+-------+-------+-------+-------+-------+-------+-------++-------
Melee: Mace              |   129 |       |       |       |       |       |       ||   129
       Whip              |    15 |    10 |       |       |       |       |       ||    25
       Falchion          |       |    96 |   551 |   257 |       |       |       ||   904
       Club              |       |    28 |       |       |       |       |       ||    28
       Scimitar          |       |       |       |   615 |   989 |    11 |       ||  1615
       Great sword       |       |       |       |   125 |   476 |       |       ||   601
       Double sword      |       |       |       |       |   128 |  2138 |  1451 ||  3717
 Fire: Blowgun           |       |       |       |     2 |       |    19 |     5 ||    26
Throw: Javelin           |    33 |    37 |    25 |     8 |       |       |       ||   103
       Throwing net      |     2 |       |       |       |       |       |       ||     2
Invok: Heroism           |       |       |       |     4 |     3 |     4 |     2 ||    13
       Finesse           |       |       |       |       |     3 |     4 |     3 ||    10
 Abil: Spit Poison       |    26 |    22 |    55 |    35 |     1 |       |       ||   139
       Evoke Berserk Rag |       |       |     3 |     9 |     2 |       |       ||    14
Evoke: Wand              |       |       |       |     3 |     6 |     3 |       ||    12
       Phantom mirror    |       |       |       |     2 |     1 |       |       ||     3
  Use: Scroll            |       |       |    19 |    14 |    17 |     8 |     3 ||    61
       Potion            |       |       |       |     1 |       |     6 |     8 ||    15
 Stab: Sleeping          |       |     1 |     1 |     1 |       |       |       ||     3
  Eat: Chunk             |     5 |     6 |    20 |    22 |    36 |    46 |    26 ||   161
       Fruit             |       |       |       |     4 |     3 |       |       ||     7
       Bread ration      |       |       |       |     2 |       |       |       ||     2
       Pizza             |       |       |       |       |     1 |       |       ||     1
       Royal jelly       |       |       |       |       |     2 |       |       ||     2
